 Dungeon Crawl Stone Soup version 0.31.0-32-g396128a36d (webtiles) character file.

Game seed: 11520651293128581307

8422 Fractals the Unhurried (level 11, -11/89 HPs)
             Began as a Demonspawn Wanderer on Apr 10, 2024.
             Was a Believer of Cheibriados.
             Mangled by a cane toad (20 damage)
             ... on level 2 of the Lair of Beasts.
             The game lasted 00:24:43 (8711 turns).

Fractals the Unhurried (Demonspawn Wanderer)        Turns: 8711, Time: 00:24:44

Health: -11/89     AC: 11    Str: 18    XL:     11   Next: 9%
Magic:  30/31      EV: 10    Int: 28    God:    Cheibriados [**....]
Gold:   1225       SH:  0    Dex: 20    Spells: 22/24 levels left

rFire   + . .        z - +4 trident
rCold   . . .        (no shield)
rNeg    + . .        t - +2 ring mail {Will+}
rPois   .            g - +3 hat of Pondering {ponderous, Will+ MP+10 Int+5}
rElec   .            (no cloak)
rCorr   .            w - +0 pair of gloves
SInv    .            (no boots)
Will    ++...        b - amulet of Otes Yhirari {rF+ Regen+}
Stlth   +++          l - ring of positive energy
HPRegen 1.14/turn    (no ring)
MPRegen 0.22/turn

%: no passive effects
@: lethally poisoned (-11 -> -12), very slow
A: powered by death 1, spiny 3, big brain 2, demonic touch 1
a: Renounce Religion, Bend Time


You were on level 2 of the Lair of Beasts.
You worshipped Cheibriados.
Cheibriados was pleased with you.
You visited 3 branches of the dungeon, and saw 11 of its levels.

You collected 1225 gold pieces.

Inventory:

Hand Weapons
 a - a +3 short sword
 e - a +2 flail
 z - a +4 trident (weapon)
Missiles
 c - 23 poisoned darts (quivered)
Armour
 g - the +3 hat of Pondering (worn) {ponderous, Will+ MP+10 Int+5}
   (You acquired it on level 7 of the Dungeon)

   Int+5:     It affects your intelligence (+5).
   Will+:     It increases your willpower.
   MP+10:     It affects your magic capacity (+10).
 t - a +2 ring mail of willpower (worn)
 w - a +0 pair of gloves (worn)
Magical Staves
 q - a staff of air
 y - a staff of cold
 C - a staff of conjuration
Jewellery
 b - the amulet of Otes Yhirari (around neck) {rF+ Regen+}
   (You found it on level 6 of the Dungeon)

   [amulet of regeneration]

   rF+:       It protects you from fire.
   Regen+:    It increases your rate of health regeneration.
 l - a ring of positive energy (left hand)
 m - a ring of ice
 n - an amulet of magic regeneration
Wands
 h - a wand of roots (9)
 o - a wand of flame (49)
 x - a wand of acid (5)
Scrolls
 d - a scroll of enchant weapon
 f - 2 scrolls of teleportation
 j - a scroll of blinking
 k - 2 scrolls of amnesia
 p - 2 scrolls of poison
 u - a scroll of fear
 v - a scroll of immolation
Potions
 i - a potion of curing
 r - a potion of might
 s - 2 potions of enlightenment
 A - a potion of heal wounds
 B - a potion of mutation {unknown}


   Skills:
 - Level 9.0 Fighting
 - Level 1.7 Short Blades
 - Level 1.7 Polearms
 - Level 1.0 Throwing
 + Level 6.1 Stealth
 - Level 7.0 Spellcasting
 + Level 8.2 Summonings
 - Level 10.2 Invocations
 - Level 1.0 Evocations
 - Level 1.1 Shapeshifting


You had 22 spell levels left.
You knew the following spells:

 Your Spells              Type           Power      Damage    Failure   Level
a - Call Imp              Summ           100%       N/A       1%          2

Your spell library contained the following spells:

 Spells                   Type           Power      Damage    Failure   Level
 Kiss of Death            Conj/Necr      36%        2d8       10%         1
 Sublimation of Blood     Necr           9%         N/A       14%         2
 Confusing Touch          Hex            9%         N/A       28%         3
 Dispel Undead            Necr           9%         3d8       67%         4
 Summon Hydra             Summ           27%        N/A       96%         7


Dungeon Overview and Level Annotations

Branches:
Dungeon (8/15)             Temple (1/1) D:5            Lair (2/5) D:8
  Swamp: Lair:2-3    Shoals: Lair:2-3     Snake: Lair:2-3    Spider: Lair:2-3

Altars:
Ashenzari
Cheibriados
Fedhas
Gozag
Hepliaklqana
Kikubaaqudgha
Makhleb
Nemelex Xobeh
Qazlal
Trog
Uskayaw
Vehumet
Wu Jian
Xom
Yredelemnul

Annotations:
D:8 2 transporters, rutigerpupkin's ghost, novice GrEE


Innate Abilities, Weirdness & Mutations

You regenerate a little health from kills.
You are completely covered in sharp spines.
You have an extremely huge brain. (Int +4)
Your touch may inflict minor irresistible damage on your foes.


Message History

Your cerulean imp hits the yak with a +1 spear.
The yak is struck by your spines. The yak gores you.
The yak is struck by your spines.
You kill the yak!
Cheibriados appreciates the change of pace.
Your Stealth skill increases to level 6!
You puncture the yak! Your touch misses the yak.
The yak is almost dead.
The cane toad is struck by your spines. The cane toad stings you!
Your cerulean imp hits the yak from afar with a +1 spear.
The yak gores you! The cane toad is struck by your spines.
The cane toad stings you.
You are poisoned.
The cane toad poisons you!
You are too injured to fight recklessly!
Unknown command.
You are too injured to fight recklessly!
You hit the yak but do no damage.
The yak is almost dead.
You feel very sick.
Your cerulean imp hits the yak from afar with a +1 spear.
The cane toad stings you but does no damage.
The yak is struck by your spines.
You kill the yak!
Cheibriados appreciates the change of pace.
You feel very sick. The cane toad stings you!
* * * LOW HITPOINT WARNING * * *
Your cerulean imp hits the cane toad from afar with a +1 spear.
The cane toad stings you.
* * * LOW HITPOINT WARNING * * *
Things that are here:
a yak corpse; a black mamba corpse You hit the cane toad.
The cane toad is almost dead.
You feel sick. The cane toad stings you.
* * * LOW HITPOINT WARNING * * *
Your cerulean imp hits the cane toad but does no damage.
The cane toad is struck by your spines. The cane toad stings you!!
You die...

#.......#
....⌠...#
.........
#.⌠...⌠.#
........##
#...⌠....#
#........##
#5@F.#
##...# .
#...#####..
##....P....
#........ .
#....#.....
##...#.....
#.<.......
#.........


You could see a cane toad (ally target) and a friendly cerulean imp (summoned).

Vanquished Creatures
  Fannar (Lair:1)
  A death yak (D:8)
  A black mamba (Lair:2)
  A rime drake (Lair:1)
  A wyvern (D:8)
  A shadow (D:8)
  5 yaks
  3 basilisks
  2 steam dragons
  Menkaure (D:4)
  7 water moccasins
  2 orc warriors
  3 sky beasts
  3 ice beasts
  2 ogres
  3 black bears
  A phantom (D:6)
  4 bullfrogs
  A gnoll sergeant (D:7)
  4 scorpions
  14 wights
  A nameless horror (D:7)
  A bombardier beetle (D:6)
  A gnoll bouda (D:7)
  3 jellies
  6 orc priests
  10 hounds
  2 sleepcaps
  An iguana (D:4)
  5 orc wizards
  9 gnolls (D:7)
  4 adders
  A shadow imp (D:7)
  3 white imps
  3 ribbon worms (D:2)
  3 dart slugs
  22 orcs
  8 ball pythons
  7 endoplasms
  2 giant cockroaches
  8 goblins
  7 hobgoblins
  4 jackals (D:4)
  6 kobolds
  4 quokkas
  5 bats (D:1)
  4 frilled lizards
  3 rats
194 creatures vanquished.

Vanquished Creatures (collateral kills)
  3 yaks (D:8)
  A bullfrog (Lair:1)
  An orc wizard (D:8)
  An orc (D:7)
6 creatures vanquished.

Grand Total: 200 creatures vanquished

Notes
Turn   | Place    | Note
-------+----------+-------------------------------------------
     0 | D:1      | Fractals the Demonspawn Wanderer began the quest for the
                  | Orb.
     0 | D:1      | Fractals set off with the following items: a +2 short
                  | sword, a +0 spear, 14 poisoned darts, a +0 dagger, a potion
                  | of invisibility, a +0 robe.
     0 | D:1      | Reached XP level 1. HP: 18/18 MP: 1/1
   171 | D:1      | Reached skill level 1 in Stealth
   179 | D:1      | Gained mutation: You regenerate a little health from kills.
                  | [demonic ancestry]
   179 | D:1      | Reached XP level 2. HP: 22/24 MP: 2/2
   555 | D:1      | Gained mutation: You are partially covered in sharp spines.
                  | [demonic ancestry]
   555 | D:1      | Reached XP level 3. HP: 24/29 MP: 3/3
  1446 | D:3      | Reached skill level 1 in Shapeshifting
  1446 | D:3      | Gained mutation: You have an unusually large brain. (Int
                  | +2) [demonic ancestry]
  1446 | D:3      | Reached XP level 4. HP: 37/37 MP: 4/4
  1770 | D:3      | Found a blossoming altar of Fedhas.
  1853 | D:4      | Gained mutation: You are mostly covered in sharp spines.
                  | [demonic ancestry]
  1853 | D:4      | Reached XP level 5. HP: 42/43 MP: 5/5
  1926 | D:4      | Learned a level 2 spell: Call Imp
  1981 | D:4      | Found a bloodstained altar of Trog.
  2034 | D:4      | HP: 1/43 [acid (5)]
  2217 | D:4      | Noticed Menkaure
  2289 | D:4      | Reached skill level 1 in Spellcasting
  2458 | D:4      | Killed Menkaure
  2459 | D:4      | Reached skill level 5 in Fighting
  2459 | D:4      | Reached XP level 6. HP: 21/51 MP: 6/9
  2571 | D:4      | You fall into a shaft and drop 3 floors!
  2612 | D:7      | Noticed a sky beast
  2697 | D:7      | Found a radiant altar of Vehumet.
  2699 | D:7      | Noticed an orc warrior
  2717 | D:7      | HP: 2/52 [orc priest/divine providence (12)]
  2736 | D:7      | Noticed an ice beast
  2744 | D:7      | Gained mutation: Your touch may inflict minor irresistible
                  | damage on your foes. [demonic ancestry]
  2744 | D:7      | Reached XP level 7. HP: 30/57 MP: 11/11
  2760 | D:7      | Found a stormy altar of Qazlal.
  2764 | D:7      | Found a burning altar of Makhleb.
  2765 | D:7      | Found an ornate altar of the Wu Jian Council.
  3033 | D:6      | Reached skill level 1 in Summonings
  3112 | D:6      | Identified the amulet of Otes Yhirari {rF+ Regen+}
  3131 | D:5      | Entered Level 5 of the Dungeon
  3162 | D:5      | Reached XP level 8. HP: 43/67 MP: 14/14
  3296 | D:5      | Found a staircase to the Ecumenical Temple.
  3349 | Temple   | Entered the Ecumenical Temple
  3700 | D:4      | Found a sparkling altar of Nemelex Xobeh.
  4871 | D:6      | Reached skill level 5 in Summonings
  5204 | D:6      | Reached skill level 5 in Spellcasting
  5204 | D:6      | Gained mutation: You are completely covered in sharp
                  | spines. [demonic ancestry]
  5204 | D:6      | Reached XP level 9. HP: 66/74 MP: 13/16
  5655 | D:7      | Identified 2 scrolls of acquirement
  5655 | D:7      | Acquired 653 gold pieces
  5657 | D:7      | Acquired the +3 hat of Pondering {ponderous, Will+ MP+10
                  | Int+5}
  5657 | D:7      | Found the +3 hat of Pondering {ponderous, Will+ MP+10
                  | Int+5}
  5761 | Temple   | Became a worshipper of Cheibriados the Contemplative
  5842 | D:7      | Reached skill level 2 in Invocations
  5921 | D:7      | Reached skill level 3 in Invocations
  6085 | D:7      | Reached * piety under Cheibriados
  6086 | D:7      | Reached skill level 4 in Invocations
  6273 | D:7      | Reached skill level 5 in Invocations
  6571 | D:8      | Reached skill level 6 in Invocations
  6635 | D:8      | Reached skill level 7 in Invocations
  6635 | D:8      | Gained mutation: You have an extremely huge brain. (Int +4)
                  | [demonic ancestry]
  6635 | D:8      | Reached XP level 10. HP: 62/82 MP: 20/20
  6881 | D:8      | Found a staircase to the Lair.
  6895 | D:8      | Noticed a death yak
  6899 | D:8      | Reached ** piety under Cheibriados
  6900 | D:8      | Reached skill level 8 in Invocations
  6913 | D:8      | Killed a death yak
  6914 | D:8      | Reached skill level 9 in Invocations
  7013 | D:8      | Reached skill level 10 in Invocations
  7249 | D:8      | Found a transporter.
  7261 | D:8      | Found a transporter.
  7265 | D:8      | Noticed rutigerpupkin's ghost (novice GrEE)
  7279 | D:8      | Noticed a moth of wrath
  7481 | Lair:1   | Entered Level 1 of the Lair of Beasts
  7533 | Lair:1   | Noticed Fannar
  7564 | Lair:1   | Reached skill level 5 in Stealth
  7663 | Lair:1   | Killed Fannar
  8251 | Lair:1   | Reached XP level 11. HP: 86/89 MP: 21/21
  8711 | Lair:2   | Mangled by a cane toad

Illustrated notes

Levels and vault maps discovered:
D:1:      beargit_arrival_diablo_church, layout_loops_ring, st_stairs_9
D:2:      layout_rooms, st_stairs_5, roderic_lattice_a
D:3:      minmay_door_path, layout_rooms, nicolae_overflow_crystal_walls,
          interstate_on_off
D:4:      layout_basic, kennysheep_mini_moat, mainiacjoe_overflow_chevrons,
          kennysheep_generic_room_13, uniq_menkaure
D:5:      layout_basic, nicolae_overflow_hidden_temple, temple_pool_b,
          minmay_misc_feat_rows
D:6:      layout_loops_ring, minmay_pentangle
D:7:      layout_rooms, mainiacjoe_overflow_tiny_flanked, minitemple
D:8:      layout_basic, david_lair_generic, gammafunk_ghost_berserking_beasts
Temple:   minmay_temple_curvy_loop
Lair:1:   layout_loops_ring, grunt_megastairs_2, uniq_fannar
Lair:2:   layout_hall_layers, grunt_megastairs_4, uniq_sonja

Skill      XL: |  1  2  3  4  5  6  7  8  9 10 11 |
---------------+----------------------------------+-----
Stealth        | 1 2 3 5 6 |  6.1
Fighting       | 4 5 7 8 9 |  9.0
Shapeshifting  | 1 |  1.1
Spellcasting   | 2 3 4 5 7 |  7.0
Summonings     | 2 5 6 7 8 |  8.2
Invocations    | 7 10 | 10.2
Short Blades   | |  1.7
Polearms       | |  1.7
Throwing       | |  1.0
Evocations     | |  1.0

Action                     |  1- 3 |  4- 6 |  7- 9 | 10-12 || total
---------------------------+-------+-------+-------+-------++-------
  Melee: Short sword       |   121 |    75 |   198 |       ||   394
         Punch             |     3 |     1 |     5 |     2 ||    11
         Touch             |       |       |    53 |    29 ||    82
         Trident           |       |       |    24 |   129 ||   153
   Cast: Call Imp          |       |       |    11 |    12 ||    23
 Invoke: Bend Time         |       |       |       |     1 ||     1
  Evoke: Wand              |       |       |       |     1 ||     1
    Use: Scroll            |     1 |     4 |     8 |     5 ||    18
         Potion            |       |     3 |     3 |     3 ||     9
   Stab: Sleeping          |     2 |     2 |     2 |       ||     6
 Armour: Robe              |    33 |       |       |       ||    33
         Ring mail         |    23 |    46 |   177 |   106 ||   352
  Dodge: Dodged            |    52 |    26 |   105 |    68 ||   251
